 Dungeon Crawl Stone Soup version 0.27-a0-67-g4bfc8a49e1 (webtiles) character file.

Game seed: 15700080015681581238

1224 Borgoz the Ducker (level 8, -1/67 HPs)
             Began as a Ghoul Gladiator on Jan 9, 2021.
             Was a Follower of Makhleb.
             Slain by a centaur (7 damage)
             ... on level 5 of the Dungeon.
             The game lasted 00:05:57 (5433 turns).

Borgoz the Ducker (Ghoul Gladiator)                 Turns: 5433, Time: 00:05:58

Health: -1/67      AC:  7    Str: 18    XL:     8   Next: 47%
Magic:  7/7        EV: 14    Int:  4    God:    Makhleb [*.....]
Gold:   266        SH:  0    Dex: 11    Spells: 7/7 levels left

rFire    . . .     SeeInvis .     - Unarmed
rCold    + . .     Faith    .   (no shield)
rNeg     + + +     Spirit   .   a - +0 leather armour
rPois    ∞         Reflect  .   b - +0 helmet
rElec    .         Harm     .   j - +0 cloak
rCorr    .         Rampage  .   (no gloves)
Will     .....                  o - +0 pair of boots
Stlth    +.........             (no amulet)
HPRegen  0.00/turn              (no ring)
MPRegen  0.10/turn              (no ring)

@: no status effects
A: claws 1, cold resistance 1, negative energy resistance 3, inhibited
regeneration, torment resistance, unbreathing
a: Renounce Religion


You were on level 5 of the Dungeon.
You worshipped Makhleb.
Makhleb was aware of your devotion.
You visited 2 branches of the dungeon, and saw 6 of its levels.

You collected 266 gold pieces.

Inventory:

Missiles
 c - 3 throwing nets (quivered)
Armour
 a - a +0 leather armour (worn)
 b - a +0 helmet (worn)
 j - a +0 cloak (worn)
 o - a +0 pair of boots (worn)
Jewellery
 m - an uncursed ring of flight
Wands
 t - a wand of flame (15)
Scrolls
 d - a scroll of random uselessness {unknown}
 e - a scroll of enchant weapon {unknown}
 g - 4 scrolls of identify {unknown}
 h - 3 scrolls of teleportation {unknown}
 k - 4 scrolls of fog {unknown}
 l - 3 scrolls of immolation {unknown}
 p - a scroll of noise {unknown}
 q - 3 scrolls of remove curse
 r - a scroll of fear {unknown}
 u - a scroll of amnesia {unknown}
 v - a scroll of enchant armour {unknown}
Potions
 f - 2 potions of brilliance {unknown}
 n - 2 potions of invisibility
 s - a potion of degeneration {unknown}
 w - a potion of lignification {unknown}


   Skills:
 + Level 4.7 Fighting
 - Level 1.7 Throwing
 * Level 5.0 Armour
 * Level 5.9 Dodging
 + Level 5.4 Unarmed Combat


You had 7 spell levels left.
You didn't know any spells.
Your spell library was empty.

Dungeon Overview and Level Annotations

Branches:
Dungeon (5/15)             Temple (1/1) D:4

Altars:
Ashenzari
Cheibriados
Dithmenos
Elyvilon
Fedhas
Gozag
Hepliaklqana
Kikubaaqudgha
Makhleb
Nemelex Xobeh
Okawaru
Qazlal
Ru
Sif Muna
Trog
Uskayaw
Vehumet
Wu Jian
Xom
Yredelemnul
Zin
The Shining One


Innate Abilities, Weirdness & Mutations

You thrive by killing the living.
You are immune to poison.
You have sharp fingernails.
Your flesh is cold resistant. (rC+)
You are immune to negative energy. (rN+++)
You do not regenerate when monsters are visible.
You are immune to unholy pain and torment.
You can survive without breathing.


Message History

Press: ? - help, Q - select action, (/) - cycle Shift-Dir - straight line, f - centaur
Aim: a centaur, quivering 12 arrows (heavily wounded)
You throw a throwing net. The throwing net hits the centaur.
The centaur is caught in the net!
The centaur is heavily wounded.
The centaur struggles against the net. x2
You scratch the centaur.
The centaur is heavily wounded.
The centaur struggles against the net.
The net rips apart, and the centaur comes free!
You barely miss the centaur.
The centaur is heavily wounded.
The centaur hits you.
* * * LOW HITPOINT WARNING * * *
You closely miss the centaur.
The centaur is heavily wounded.
The centaur hits you.
* * * LOW HITPOINT WARNING * * *
The centaur hits you!
You die...

##......# $.......# #.#
........+.#.# ........#.#.#
........#.#..
###########......#.#.#
.........##.....c#.#.#
########.##.....@#.#.########
##.....#..#.....(#.#........#
#..#.#.##.#...........#####.#
#...............((...[...##.#
#..#.#..........(#.##.##.##.#
#......#....................#
...................#..##.####
#####..............[....>#
....#..#.#.##....<.#.###.##


You could see a centaur.

Vanquished Creatures
  A water moccasin (D:5)
  2 phantoms
  4 ogres
  A centaur (D:5)
  A scorpion (D:5)
  A hound (D:4)
  A jelly (D:5)
  An orc priest (D:5)
  2 iguanas
  2 worker ants
  A hound zombie (D:5)
  5 gnolls (D:5)
  A howler monkey skeleton (D:5)
  9 adders
  A white imp (D:5)
  An ufetubus (D:5)
  3 worms (D:2)
  5 dart slugs
  6 leopard geckos
  12 orcs
  11 bats
  A bat skeleton (D:2)
  2 giant cockroaches
  10 goblins
  12 hobgoblins
  5 jackals
  4 quokkas
  4 ball pythons
  4 frilled lizards
  7 kobolds
  10 rats
130 creatures vanquished.

Notes
Turn   | Place    | Note
-------+----------+-------------------------------------------
     0 | D:1      | Borgoz the Ghoul Gladiator began the quest for the Orb.
     0 | D:1      | Reached XP level 1. HP: 17/17 MP: 0/0
    56 | D:1      | Reached XP level 2. HP: 25/25 MP: 1/1
   334 | D:1      | Reached skill level 1 in Armour
   430 | D:1      | Reached XP level 3. HP: 18/30 MP: 2/2
  1306 | D:2      | Reached XP level 4. HP: 37/37 MP: 3/3
  2027 | D:3      | Reached XP level 5. HP: 43/44 MP: 4/4
  2285 | D:3      | Found a blossoming altar of Fedhas.
  2830 | D:4      | Found a staircase to the Ecumenical Temple.
  2850 | Temple   | Entered the Ecumenical Temple
  2890 | Temple   | Became a worshipper of Makhleb the Destroyer
  3268 | D:4      | Reached XP level 6. HP: 46/51 MP: 5/5
  3799 | D:4      | Noticed a phantom
  3828 | D:4      | Killed a phantom
  3829 | D:4      | Reached XP level 7. HP: 23/58 MP: 6/6
  4207 | D:5      | Entered Level 5 of the Dungeon
  4345 | D:5      | Reached skill level 5 in Dodging
  4524 | D:5      | Reached * piety under Makhleb
  4828 | D:5      | Reached skill level 5 in Unarmed Combat
  4828 | D:5      | Reached XP level 8. HP: 47/66 MP: 7/7
  5022 | D:5      | Found Huamih's Weapon Emporium.
  5245 | D:5      | Reached skill level 5 in Armour
  5396 | D:5      | Found an iron altar of Okawaru.
  5433 | D:5      | Slain by a centaur

Illustrated notes

Levels and vault maps discovered:
D:1:      tarquinn_simple_flora_water_a, layout_basic, minmay_pentomino_w4
D:2:      layout_loops_cross, minivault_19, grunt_ministairs_8,
          hangedman_feature_mirror, minmay_pentomino_pile
D:3:      layout_basic, fedhas_altar_4
D:4:      layout_loops_ring, minmay_temple_entry_wispy
D:5:      minmay_recursive_quarters, layout_basic, kennysheep_mini,
          serial_glass, glass_columns_c, glass_columns_a, glass_columns_b,
          glass_columns_b, glass_columns_a, glass_columns_a, serial_shops, shop
Temple:   roderic_octagonal_lattice_temple

Skill      XL: |  1  2  3  4  5  6  7  8 |
---------------+-------------------------+-----
Dodging        | 3 4 5 |  5.9
Armour         | 1 2 3 4 5 |  5.0
Unarmed Combat | 4 5 |  5.4
Fighting       | 3 4 |  4.7
Throwing       | |  1.7

Action                   |  1- 3 |  4- 6 |  7- 9 || total
-------------------------+-------+-------+-------++-------
Melee: Unarmed           |   125 |   227 |   180 ||   532
       Punch             |     3 |     7 |     6 ||    16
Throw: Throwing net      |       |       |     1 ||     1
  Use: Scroll            |       |     1 |     1 ||     2
       Potion            |       |       |     5 ||     5
 Stab: Invisible         |       |       |     2 ||     2
Armor: Leather armour    |    47 |    58 |    38 ||   143
Dodge: Dodged            |    96 |   144 |   166 ||   406

Table legend: (Time is in decaauts)
 A = Elapsed time spent in this place.
 B = Non-inter-level travel time spent in this place.
 C = Inter-level travel time spent in this place.
 D = Time resting spent in this place.
 E = Time spent auto-exploring this place.
 F = Levels seen in this place.
 G = Mean time per level.
                   A        B        C        D        E       F      G
               +--------+--------+--------+--------+--------+-----+--------+
         Total |   5388 |   5251 |    137 |    767 |   3544 |   6 |  898.0 |
       Dungeon |   5160 |   5053 |    107 |    767 |   3348 |   5 | 1032.0 |
        Temple |    227 |    197 |     30 |      0 |    196 |   1 |  227.0 |
               +--------+--------+--------+--------+--------+-----+--------+

Top non-repeatable levels by time:
     D:5: 1209 daAuts
     D:4: 1179 daAuts
     D:1: 945 daAuts
     D:2: 941 daAuts
     D:3: 885 daAuts
  Temple: 227 daAuts
